 Dungeon Crawl Stone Soup version 0.29-a0-1027-gcd8c55af63 (webtiles) character file.

Game seed: 10253927120599085769

56 ytrimaz the Insei (level 3, 0/23 HPs)
             Began as an Octopode Transmuter on Aug 12, 2022.
             Slain by a hobgoblin
             ... wielding a staff of cold
              (6 damage)
             ... on level 3 of the Dungeon.
             The game lasted 00:01:40 (2594 turns).

ytrimaz the Insei (Octopode Transmuter)             Turns: 2594, Time: 00:01:41

Health: 0/23       AC:  1    Str:  9    XL:     3   Next: 95%
Magic:  0/6        EV: 13    Int: 17    God:
Gold:   113        SH:  0    Dex: 12    Spells: 3/6 levels left

rFire   . . .      SeeInvis .     - Unarmed
rCold   . . .      Faith    .   (no shield)
rNeg    . . .      Spirit   +   (helmet restricted)
rPois   .          Reflect  .   b - amulet of guardian spirit
rElec   .          Harm     .   (no ring)
rCorr   .          Rampage  .   (no ring)
Will    .....                   (no ring)
Stlth   ++........              (no ring)
HPRegen 0.07/turn               (no ring)
MPRegen 0.10/turn               (no ring)
                                (no ring)
                                (no ring)

@: no status effects
A: almost no armour, amphibious, 8 rings, camouflage 1, gelatinous body 1,
(nimble swimmer 1), tentacles
a: no special abilities


You were on level 3 of the Dungeon.
You visited 1 branch of the dungeon, and saw 3 of its levels.

You collected 113 gold pieces.

Inventory:

Jewellery
 b - an amulet of guardian spirit (around mantle)
Wands
 k - a wand of iceblast (1)
Scrolls
 c - 2 scrolls of teleportation
 d - 3 scrolls of noise
 i - 2 scrolls of fear
Potions
 a - a potion of lignification
 e - a potion of invisibility {unknown}
 f - 2 potions of curing {unknown}
 g - a potion of might {unknown}
 h - a potion of brilliance {unknown}
 j - a potion of haste {unknown}


   Skills:
 - Level 1.0 Fighting
 - Level 2.0 Dodging
 + Level 4.2 Unarmed Combat
 - Level 2.0 Spellcasting
 + Level 2.7 Transmutations


You had 3 spell levels left.
You knew the following spells:

 Your Spells              Type           Power      Damage    Failure   Level
a - Beastly Appendage     Tmut           22%        N/A       6%          1
b - Wereblood             Tmut           11%        N/A       10%         2

Your spell library contained the following spells:

 Spells                   Type           Power      Damage    Failure   Level
 Spider Form              Tmut/Pois      6%         N/A       32%         3
 Ice Form                 Ice/Tmut       6%         N/A       73%         4


Dungeon Overview and Level Annotations

Branches:
Dungeon (3/15)

Altars:


Innate Abilities, Weirdness & Mutations

You cannot wear most types of armour.
You are amphibious.
You can wear up to eight rings at the same time.
Your skin changes colour to match your surroundings (Stealth+).
Your rubbery body absorbs attacks. (AC +1, EV +1)
((You are camouflaged when in or above water. (Stealth+)))
You have tentacles for arms and can constrict up to eight enemies at once.


Message History

Found a falchion.
The worm bites you!
You are too injured to fight recklessly!
You tentacle-slap the worm. You grab the worm.
You pierce the worm.
The worm is lightly wounded.
You constrict the worm. You tentacle-slap the worm.
The worm is moderately wounded.
You constrict the worm. The worm barely misses you.
You tentacle-slap the worm.
You pierce the worm.
You squeeze the worm!
The worm is severely wounded.
You constrict the worm.
You tentacle-slap the worm but do no damage.
You pierce the worm.
You kill the worm!
Unknown command.
You start resting.
Your transformation is almost over.
An endoplasm comes into view.
A hobgoblin comes into view. It is wielding a staff of cold.
There are monsters nearby!
There are monsters nearby!
Found a scroll of teleportation.
The hobgoblin shouts!
There is a stone staircase leading up here.
You climb upwards.
There is a stone staircase leading down here.
You start resting.
Your tentacle spike disappears.
Magic restored.
You climb downwards.
The hobgoblin closely misses you.
The hobgoblin hits you with a staff of cold.
There is a stone staircase leading up, spattered with blood here.
The hobgoblin hits you with a staff of cold!
* * * LOW HITPOINT WARNING * * *
You are too injured to fight recklessly!
You are too injured to fight recklessly!
You tentacle-slap the hobgoblin but do no damage.
Your grab misses the hobgoblin.
The hobgoblin hits you with a staff of cold!
You die...

###...# #.....#
#....# ###...##
#....<.########
####.##...........
#....(....<#
#.....†...g#
#.........@#
##........>#
#.........#
##...#.#.##
............#
............#
............#
.......?....#
.....b...^...


You could see a hobgoblin.

Vanquished Creatures
  An adder (D:2)
  A worm (D:3)
  A dart slug (D:2)
  3 ball pythons (D:2)
  4 giant cockroaches
  4 goblins
  2 hobgoblins
  3 jackals (D:2)
  4 kobolds
  A quokka (D:1)
  3 bats (D:2)
  12 frilled lizards (D:1)
  3 rats (D:2)
42 creatures vanquished.

Vanquished Creatures (others)
  6 plants (D:1)
6 creatures vanquished.

Grand Total: 48 creatures vanquished

Notes
Turn   | Place    | Note
-------+----------+-------------------------------------------
     0 | D:1      | ytrimaz the Octopode Transmuter began the quest for the
                  | Orb.
     0 | D:1      | Reached XP level 1. HP: 13/13 MP: 3/3
   337 | D:1      | Reached XP level 2. HP: 13/18 MP: 5/5
   641 | D:1      | Learned a level 2 spell: Wereblood
  1346 | D:2      | Reached XP level 3. HP: 13/23 MP: 6/6
  1740 | D:2      | Found a faded altar of an unknown god.
  1918 | D:2      | Reached skill level 4 in Unarmed Combat
  2594 | D:3      | Slain by a hobgoblin

Illustrated notes

Levels and vault maps discovered:
D:1:      dpeg_arrival_stonehenge_8_columns, layout_loops_ring,
          minmay_lizard_king
D:2:      minmay_door_path, layout_loops_cross,
          dreamdust_ecumenical_altar_hidden_monk_grotto
D:3:      layout_rooms, jmf_multi_god_temple2, serial_shops,
          nicolae_shop_behind_doors

Skill      XL: |  1  2  3 |
---------------+----------+-----
Unarmed Combat | 4 |  4.2
Fighting       | |  1.0
Dodging        | |  2.0
Spellcasting   | |  2.0
Transmutations | |  2.7

Action                   || total
-------------------------++-------
Melee: Unarmed           ||    97
       Constrict         ||    23
       Kick              ||    20
       Tentacles         ||    15
       Punch             ||     2
 Cast: Beastly Appendage ||    21
  Use: Scroll            ||     4
 Stab: Sleeping          ||     6
Armor: Skin              ||     6
Dodge: Dodged            ||    58

Table legend: (Time is in decaauts)
 A = Elapsed time spent in this place.
 B = Non-inter-level travel time spent in this place.
 C = Inter-level travel time spent in this place.
 D = Time resting spent in this place.
 E = Time spent auto-exploring this place.
 F = Levels seen in this place.
 G = Mean time per level.
                   A        B        C        D        E       F      G
               +--------+--------+--------+--------+--------+-----+--------+
         Total |   2587 |   2522 |     65 |     30 |   2182 |   3 |  862.3 |
       Dungeon |   2587 |   2522 |     65 |     30 |   2182 |   3 |  862.3 |
               +--------+--------+--------+--------+--------+-----+--------+

Top non-repeatable levels by time:
     D:1: 1271 daAuts
     D:2: 1249 daAuts
     D:3: 67 daAuts
